 Dungeon Crawl Stone Soup version 0.27-a0-1188-g73eefd5def (webtiles) character file.

Game seed: 6946791527635310074

5681 flotson the Covert (level 10, -5/74 (82) HPs)
             Began as a Gnoll Delver on May 20, 2021.
             Was an Elder of Okawaru.
             Slain by an acid dragon (14 damage)
             ... on level 8 of the Dungeon.
             The game lasted 00:18:49 (9769 turns).

flotson the Covert (Gnoll Delver)                   Turns: 9769, Time: 00:18:49

HP:   -5/74 (82)    AC:  0    Str: 14    XL:     10   Next: 75%
MP:   18/18         EV: 16    Int:  9    God:    Okawaru [****..]
Gold: 763           SH:  0    Dex: 21    Spells: 20/20 levels left

rFire    + . .     SeeInvis .   a - +10 dark maul {vorpal}
rCold    . . .     Faith    .   (shield currently unavailable)
rNeg     . . .     Spirit   .   M - +3 leather armour {rF+}
rPois    .         Reflect  .   (no helmet)
rElec    .         Harm     +   t - scarf {harm}
rCorr    .         Rampage  .   L - +0 pair of gloves
Will     .....                  (no boots)
Stlth    +++++.....             (no amulet)
HPRegen  0.22/turn              w - +6 ring of dexterity
MPRegen  0.16/turn              (no ring)

@: corroded, drained
A: fangs 1, strong nose, distributed training
a: Renounce Religion, Heroism


You were on level 8 of the Dungeon.
You worshipped Okawaru.
Okawaru was greatly pleased with you.
You visited 2 branches of the dungeon, and saw 9 of its levels.
You also visited: Sewer.

You collected 890 gold pieces.
You spent 127 gold pieces at shops.

Inventory:

Hand Weapons
 a - the +10 dark maul (weapon) {vorpal}
   (You found it on level 5 of the Dungeon)

   It inflicts extra damage upon your enemies.
 b - a +0 hunting sling
Missiles
 m - 69 sling bullets
 q - 73 poisoned darts (quivered)
 s - 9 boomerangs
 I - 5 javelins
Armour
 t - a scarf of harm (worn)
 L - a +0 pair of gloves (worn)
 M - a +3 leather armour of fire resistance (worn)
Jewellery
 w - a +6 ring of dexterity (left hand)
Wands
 g - a wand of digging (3)
 l - a wand of mindburst (9)
 x - a wand of acid (8)
Scrolls
 c - a scroll of fog
 d - 5 scrolls of magic mapping
 h - 2 scrolls of noise {unknown}
 i - a scroll of torment {unknown}
 j - 2 scrolls of amnesia {unknown}
 o - a scroll of silence {unknown}
 v - 2 scrolls of brand weapon {unknown}
 B - 4 scrolls of teleportation {unknown}
 G - a scroll of immolation
Potions
 f - a potion of haste
 k - 2 potions of resistance
 p - a potion of invisibility
 r - a potion of lignification
 u - 4 potions of curing
 z - 2 potions of heal wounds
 A - 3 potions of might {unknown}
 D - 4 potions of flight
 E - a potion of cancellation {unknown}
 F - a potion of magic {unknown}
 K - a potion of attraction {unknown}
Miscellaneous
 H - a tin of tremorstones (2/2)


   Skills:
 + Level 8.7 Fighting
 + Level 5.5 Short Blades
 + Level 5.5 Long Blades
 + Level 5.5 Axes
 + Level 5.5 Maces & Flails
 + Level 7.3 Polearms
 + Level 5.5 Staves
 + Level 5.5 Slings
 + Level 5.5 Bows
 + Level 5.5 Crossbows
 + Level 5.5 Throwing
 + Level 5.5 Armour
 + Level 7.3 Dodging
 + Level 11.0 Stealth
 + Level 5.5 Shields
 + Level 5.5 Unarmed Combat
 + Level 5.5 Spellcasting
 + Level 4.6 Conjurations
 + Level 4.6 Hexes
 + Level 4.6 Summonings
 + Level 4.6 Necromancy
 + Level 4.6 Translocations
 + Level 4.6 Transmutations
 + Level 4.6 Fire Magic
 + Level 4.6 Ice Magic
 + Level 4.6 Air Magic
 + Level 4.6 Earth Magic
 + Level 4.6 Poison Magic
 + Level 6.1 Invocations
 + Level 5.5 Evocations


You had 20 spell levels left.
You didn't know any spells.
Your spell library was empty.

Dungeon Overview and Level Annotations

Branches:
Dungeon (8/15)             Temple (1/1) D:5            Lair (0/6) D:8
  Sewer (visited)

Altars:
Fedhas
Okawaru
Uskayaw
Wu Jian
Yredelemnul
The Shining One

Shops:
D:2 [:?(*


Innate Abilities, Weirdness & Mutations

You have very sharp teeth.
Your uncanny sense of smell can sniff out nearby items.
Your experience applies equally to all skills.


Message History

The spectral frilled lizard disappears in a puff of smoke!
The spectral centipede disappears in a puff of smoke!
A bullfrog is nearby!
You gain the combat prowess of a mighty hero.
The bullfrog gives a loud, deep croak!
You bludgeon the bullfrog!!
You kill the bullfrog!
Okawaru accepts your kill.
Your base Stealth skill increases to level 11!
No target in view!
Magic restored.
You see here a bullfrog corpse.
There is an open door here.
You feel like a meek peon again.
An acid dragon is nearby!
You gain the combat prowess of a mighty hero.
The acid dragon spits acid at you. The splash of acid hits you!
The acid corrodes you!
You are splashed with acid!
You hear two shouts!
You sock the acid dragon!
The acid dragon is heavily wounded.
The acid dragon bites you! The acid dragon closely misses you.
The acid dragon completely misses you. The acid dragon barely misses you.
You closely miss the acid dragon.
The acid dragon is heavily wounded.
The acid dragon spits acid at you. The splash of acid hits you.
The acid corrodes you!
You are splashed with acid!
The acid dragon closely misses you. The acid dragon completely misses you.
The acid dragon bites you!
* * * LOW HITPOINT WARNING * * *
The acid dragon completely misses you.
You are too injured to fight recklessly!
You are too injured to fight recklessly!
You are too injured to fight recklessly!
You are too injured to fight recklessly!
You hit the acid dragon.
The acid dragon is severely wounded.
You feel like a meek peon again. The acid dragon bites you!
You die...

#..##......#...##....#
#####..######..##....#
#..######..##........'
#..##..##............#
#......#.............#
#......##..##........#
#..##..##..##..##....#
#..##.......#..##....#
#..#.@......#........)
#..#.D....#######....)
#..##..#### .∆ ###...
#####..# .. ##.# #...#
... #.# #..## .O. ###
##.#


DF# ## ##.#..$# ∆ ∆ ∆ #. #..).# +. You could see an acid dragon (catching
breath).

Vanquished Creatures
  A two-headed ogre (D:6)
  A manticore (D:6)
  The ghost of PimpSugar the Magician, a novice DrWz of Vehumet (D:6)
  A troll (D:6)
  2 slime creatures (D:6)
  A wyvern (D:8)
  Eustachio (D:4)
  Menkaure (D:4)
  A vampire mosquito (D:6)
  The ghost of Strat the Chiller, an amateur OpIE (D:4)
  3 water moccasins
  A sky beast (D:7)
  An orc warrior (D:7)
  4 ice beasts
  2 black bears
  An ogre (D:7)
  3 centaurs
  A phantom (D:6)
  2 kobold brigands
  3 bullfrogs
  A water moccasin zombie (D:6)
  2 scorpions
  2 wyvern skeletons (D:6)
  2 centaur zombies (D:6)
  A bullfrog skeleton (D:5)
  3 jellies (D:6)
  4 orc priests
  4 hounds
  8 orc wizards
  4 iguanas
  2 howler monkey zombies (D:6)
  4 gnolls
  3 river rats (Sewer)
  10 adders
  A shadow imp (D:7)
  An ufetubus (D:5)
  2 adder skeletons
  6 worms
  4 dart slugs
  25 orcs
  9 ball pythons
  5 bats
  6 endoplasms
  4 giant cockroaches
  6 goblins
  5 hobgoblins
  7 jackals
  15 kobolds
  3 frilled lizards
  6 rats
187 creatures vanquished.

Vanquished Creatures (others)
  2 hound skeletons (D:4)
  2 adder skeletons (D:4)
  An endoplasm (D:4)
  6 fungi (D:8)
  18 plants
29 creatures vanquished.

Grand Total: 216 creatures vanquished

Notes
Turn   | Place    | Note
-------+----------+-------------------------------------------
     0 | D:5      | Reached skill level 9 in Stealth
     0 | D:5      | flotson the Gnoll Delver began the quest for the Orb.
     0 | D:5      | Reached XP level 1. HP: 23/23 MP: 1/1
    28 | D:4      | Noticed Eustachio
    80 | D:2      | Found Myma's Antique Weapon Emporium.
   110 | D:2      | Reached XP level 2. HP: 28/29 MP: 2/2
   342 | D:2      | Found Rel Tuan's Magic Scroll Emporium.
   349 | D:2      | Bought a scroll of identify for 28 gold pieces
   375 | D:2      | Found Syineec's General Store.
   577 | D:2      | Reached XP level 3. HP: 35/35 MP: 3/3
   941 | D:1      | Reached skill level 1 in Invocations
  1347 | D:2      | Found Ogoygh's Antique Armour Shop.
  1356 | D:2      | Bought a buckler for 99 gold pieces
  1373 | D:2      | Reached skill level 1 in Short Blades
  1373 | D:2      | Reached skill level 1 in Long Blades
  1373 | D:2      | Reached skill level 1 in Axes
  1373 | D:2      | Reached skill level 1 in Maces & Flails
  1373 | D:2      | Reached skill level 1 in Staves
  1373 | D:2      | Reached skill level 1 in Slings
  1373 | D:2      | Reached skill level 1 in Bows
  1373 | D:2      | Reached skill level 1 in Crossbows
  1373 | D:2      | Reached skill level 1 in Throwing
  1373 | D:2      | Reached skill level 1 in Armour
  1373 | D:2      | Reached skill level 1 in Shields
  1373 | D:2      | Reached skill level 1 in Unarmed Combat
  1373 | D:2      | Reached skill level 1 in Spellcasting
  1373 | D:2      | Reached skill level 1 in Evocations
  1605 | D:2      | Found Zidghyi's Book Boutique.
  1613 | D:2      | Found a faded altar of an unknown god.
  1704 | D:2      | Reached XP level 4. HP: 39/41 MP: 5/5
  2135 | D:3      | Reached skill level 1 in Conjurations
  2135 | D:3      | Reached skill level 1 in Hexes
  2135 | D:3      | Reached skill level 1 in Summonings
  2135 | D:3      | Reached skill level 1 in Necromancy
  2135 | D:3      | Reached skill level 1 in Translocations
  2135 | D:3      | Reached skill level 1 in Transmutations
  2135 | D:3      | Reached skill level 1 in Fire Magic
  2135 | D:3      | Reached skill level 1 in Ice Magic
  2135 | D:3      | Reached skill level 1 in Air Magic
  2135 | D:3      | Reached skill level 1 in Earth Magic
  2135 | D:3      | Reached skill level 1 in Poison Magic
  2507 | D:4      | Noticed a black bear
  2732 | D:4      | Found a runed translucent door.
  2732 | D:4      | Noticed Strat's ghost (amateur OpIE)
  2755 | D:4      | Reached XP level 5. HP: 47/47 MP: 6/6
  2827 | D:4      | Noticed Menkaure
  3094 | D:4      | Killed a black bear
  3107 | D:4      | Reached XP level 6. HP: 50/53 MP: 8/8
  3923 | D:4      | Killed Menkaure
  3924 | D:4      | Reached skill level 5 in Polearms
  3924 | D:4      | Reached skill level 5 in Dodging
  3952 | D:4      | Killed Eustachio
  3953 | D:4      | Reached XP level 7. HP: 45/60 MP: 10/10
  4169 | D:4      | Killed Strat's ghost
  5162 | D:5      | Found a staircase to the Ecumenical Temple.
  5171 | Temple   | Entered the Ecumenical Temple
  5193 | Temple   | Became a worshipper of Warmaster Okawaru
  5358 | D:5      | Reached skill level 10 in Stealth
  5358 | D:5      | Reached XP level 8. HP: 62/67 MP: 12/12
  5713 | D:5      | Found a hide-covered altar of Uskayaw.
  5762 | D:5      | Found the +10 dark maul {vorpal}
  6197 | D:6      | Found a glowing drain.
  6207 | Sewer    | Entered a sewer
  6549 | Sewer    | Reached * piety under Okawaru
  6692 | D:6      | Found a basalt altar of Yredelemnul.
  7086 | D:6      | Found a runed translucent door.
  7087 | D:6      | Noticed PimpSugar's ghost (novice DrWz)
  7165 | D:6      | Killed PimpSugar's ghost
  7165 | D:6      | Reached ** piety under Okawaru
  7166 | D:6      | Reached XP level 9. HP: 73/73 MP: 12/14
  7554 | D:7      | Found a glowing golden altar of the Shining One.
  7897 | D:6      | Noticed a manticore
  7897 | D:6      | Noticed a troll
  7912 | D:6      | Killed a troll
  7915 | D:6      | Killed a manticore
  7915 | D:6      | Reached *** piety under Okawaru
  7916 | D:6      | Reached skill level 5 in Invocations
  7973 | D:6      | Reached XP level 10. HP: 80/80 MP: 17/17
  7980 | D:6      | Reached skill level 5 in Short Blades
  7980 | D:6      | Reached skill level 5 in Long Blades
  7980 | D:6      | Reached skill level 5 in Axes
  7980 | D:6      | Reached skill level 5 in Maces & Flails
  7980 | D:6      | Reached skill level 5 in Staves
  7980 | D:6      | Reached skill level 5 in Slings
  7980 | D:6      | Reached skill level 5 in Bows
  7980 | D:6      | Reached skill level 5 in Crossbows
  7980 | D:6      | Reached skill level 5 in Throwing
  7980 | D:6      | Reached skill level 5 in Armour
  7980 | D:6      | Reached skill level 5 in Shields
  7980 | D:6      | Reached skill level 5 in Unarmed Combat
  7980 | D:6      | Reached skill level 5 in Spellcasting
  7980 | D:6      | Reached skill level 5 in Evocations
  7993 | D:6      | Noticed a two-headed ogre
  8022 | D:6      | Killed a two-headed ogre
  8022 | D:6      | Reached **** piety under Okawaru
  8257 | D:7      | Found a blossoming altar of Fedhas.
  8709 | D:8      | Found a staircase to the Lair.
  9651 | D:8      | Paralysed by a hornet for 2 turns
  9651 | D:8      | Noticed a two-headed ogre
  9697 | D:8      | Found an ornate altar of the Wu Jian Council.
  9738 | D:8      | Reached skill level 11 in Stealth
  9769 | D:8      | Slain by an acid dragon

Illustrated notes

Levels and vault maps discovered:
D:1:      shiori_arrival_elements, layout_basic, kennysheep_decorative_pillar,
          minmay_tromino_v2
D:2:      layout_basic, serial_shops, shop, shop, nicolae_shop_crystal,
          nicolae_shop_crystal, shop,
          hellmonk_ecumenical_altar_pennies_from_heaven, minmay_pentomino_pile
D:3:      layout_rooms, hangedman_decor_slide_cut
D:4:      layout_basic, hellmonk_ghost_happy_afterlife, lemuel_flame_loot_1,
          uniq_eustachio, uniq_menkaure
D:5:      layout_basic, nicolae_uskayaw_murder_on_the_dancefloor,
          minmay_temple_entry_sparse_star
D:6:      minmay_klotski, layout_loops_ring, yredelemnul_altar_generic,
          ebering_ghost_inner_flame, portal_sewer_entry_d,
          kennysheep_generic_room_10
D:7:      layout_basic, fedhas_altar_decomposition, amcnicky_altar_gilded
D:8:      layout_gridville, pdpol_wu_jian_five_deadly_venoms, dpeg_oklobed_lair,
          grunt_potential
Temple:   nicolae_temple_figure_eight

Skill      XL: |  1  2  3  4  5  6  7  8  9 10 |
---------------+-------------------------------+-----
Stealth        | 10 11 | 11.0
Invocations    | 1 2 3 4 5 6 |  6.1
Short Blades   | 1 2 3 4 5 |  5.5
Long Blades    | 1 2 3 4 5 |  5.5
Axes           | 1 2 3 4 5 |  5.5
Maces & Flails | 1 2 3 4 5 |  5.5
Staves         | 1 2 3 4 5 |  5.5
Slings         | 1 2 3 4 5 |  5.5
Bows           | 1 2 3 4 5 |  5.5
Crossbows      | 1 2 3 4 5 |  5.5
Throwing       | 1 2 3 4 5 |  5.5
Armour         | 1 2 3 4 5 |  5.5
Shields        | 1 2 3 4 5 |  5.5
Unarmed Combat | 1 2 3 4 5 |  5.5
Spellcasting   | 1 2 3 4 5 |  5.5
Evocations     | 1 2 3 4 5 |  5.5
Conjurations   | 1 2 3 4 |  4.6
Hexes          | 1 2 3 4 |  4.6
Summonings     | 1 2 3 4 |  4.6
Necromancy     | 1 2 3 4 |  4.6
Translocations | 1 2 3 4 |  4.6
Transmutations | 1 2 3 4 |  4.6
Fire Magic     | 1 2 3 4 |  4.6
Ice Magic      | 1 2 3 4 |  4.6
Air Magic      | 1 2 3 4 |  4.6
Earth Magic    | 1 2 3 4 |  4.6
Poison Magic   | 1 2 3 4 |  4.6
Polearms       | 5 6 7 |  7.3
Dodging        | 5 6 7 |  7.3
Fighting       | 7 8 |  8.7

Action                   |  1- 3 |  4- 6 |  7- 9 | 10-12 || total
-------------------------+-------+-------+-------+-------++-------
Melee: Spear             |    19 |       |       |       ||    19
       War axe           |       |    13 |       |       ||    13
       Whip              |       |    49 |    52 |       ||   101
       Bite              |       |     8 |    12 |     4 ||    24
       Maul              |       |       |    78 |    66 ||   144
 Fire: Hunting sling     |    75 |    90 |       |       ||   165
Throw: Dart              |       |       |     4 |     3 ||     7
Invok: Heroism           |       |       |     6 |     5 ||    11
Evoke: Wand              |       |       |       |     1 ||     1
  Use: Scroll            |     2 |     3 |     2 |     2 ||     9
 Stab: Sleeping          |     1 |     2 |    18 |     2 ||    23
       Distracted        |       |       |       |     1 ||     1
Armor: Leather armour    |     4 |    11 |       |    11 ||    26
       Scale mail        |       |     2 |     6 |       ||     8
       Ring mail         |       |       |    28 |    39 ||    67
Dodge: Dodged            |    22 |    62 |   113 |   157 ||   354
Block: Buckler           |     3 |    30 |    13 |       ||    46

Table legend: (Time is in decaauts)
 A = Elapsed time spent in this place.
 B = Non-inter-level travel time spent in this place.
 C = Inter-level travel time spent in this place.
 D = Time resting spent in this place.
 E = Time spent auto-exploring this place.
 F = Levels seen in this place.
 G = Mean time per level.
                   A        B        C        D        E       F      G
               +--------+--------+--------+--------+--------+-----+--------+
         Total |  10126 |   9770 |    356 |    484 |   7508 |  10 | 1012.6 |
       Dungeon |   9511 |   9171 |    340 |    484 |   7121 |   8 | 1188.9 |
        Temple |     38 |     22 |     16 |      0 |     17 |   1 |   38.0 |
         Sewer |    575 |    575 |      0 |      0 |    370 |   1 |  575.0 |
               +--------+--------+--------+--------+--------+-----+--------+

Top non-repeatable levels by time:
     D:4: 2134 daAuts
     D:6: 1252 daAuts
     D:7: 1148 daAuts
     D:8: 1134 daAuts
     D:3: 1128 daAuts
     D:2: 1033 daAuts
     D:5: 950 daAuts
     D:1: 729 daAuts
   Sewer: 575 daAuts
  Temple: 38 daAuts
